 Dungeon Crawl Stone Soup version 0.16-a0-1885-g0f03bb0 (console) character file.

9367 Fusha the Corrupter of Planes (level 11, -3/89 HPs)
             Began as a Pale Draconian Abyssal Knight on Nov 6, 2014.
             Was the Champion of Lugonu.
             Slain by a spriggan rider
             ... wielding a +0 spear
              (11 damage)
             ... on level 1 of the Lair of Beasts.
             The game lasted 00:51:46 (13711 turns).

Fusha the Corrupter of Planes (DrAK)               Turns: 13711, Time: 00:51:46

Health: -3/89      AC: 12    Str: 14    XL:     11   Next: 22%
Magic:  25/25      EV: 21    Int: 13    God:    Lugonu [******]
Gold:   734        SH:  0    Dex: 18    Spells: 0 memorised, 10 levels left

rFire  . . .     SeeInvis +     Y - +1 great sword (flame)
rCold  + . .     Clarity  .     (armour unavailable)
rNeg   . . .     SustAb   .     (no shield)
rPois  +         Gourm    .     (helmet restricted)
rElec  .         Spirit   .     H - +0 cloak
rCorr  .         Warding  .     D - +0 pair of gloves
rMut   .         Stasis   .     C - +2 pair of boots
MR     .....                    (no amulet)
Stlth  ++........               T - cursed +4 ring of evasion
                                a - +4 ring of dexterity

@: about to teleport, invisible, not resistant to hostile enchantments,
unstealthy
A: breathe steam, unfitting armour, see invisible, cold resistance 1, poison
resistance, cold-blooded, AC +7
a: Breathe Steam, Depart the Abyss, Bend Space, Banish, Corrupt, Enter the
Abyss, Renounce Religion


You were on level 1 of the Lair of Beasts.
You worshipped Lugonu.
Lugonu was exalted by your worship.
You were not hungry.

You visited 2 branches of the dungeon, and saw 14 of its levels.
You visited the Abyss 1 time.

You collected 734 gold pieces.

Inventory:

Hand weapons
 u - a +1 falchion of draining
 Y - a +1 great sword of flaming (weapon)
Missiles
 m - 4 javelins (quivered)
 q - 314 stones
Armour
 C - a +2 pair of boots (worn)
 D - a +0 pair of gloves (worn)
 H - a +0 cloak (worn)
Jewellery
 a - a +4 ring of dexterity (left hand)
 g - an uncursed ring of protection from magic
 I - a +1 ring of protection
 O - an uncursed ring of see invisible
 P - the ring of the Traitor {Wiz +Rage rPois rN+ Dex-5}
   (You found it on level 8 of the Dungeon)

   [ring of wizardry]

   It improves your spell success rate.
   It affects your dexterity (-5).
   It protects you from poison.
   It protects you from negative energy.
   It lets you go berserk.
 T - a cursed +4 ring of evasion (right hand)
Magical devices
 b - a wand of frost (8)
 k - a wand of digging (9)
 r - a wand of teleportation (6)
 x - a wand of paralysis (13)
 J - a wand of digging (12)
 Q - a wand of disintegration (9)
 R - a wand of disintegration (10)
 X - a wand of disintegration (15)
Scrolls
 d - 3 scrolls of fear
 e - a scroll of fog
 h - 5 scrolls of remove curse
 n - 3 scrolls of magic mapping
 o - a scroll of immolation
 p - 4 scrolls of teleportation
 L - a scroll of recharging
Potions
 f - a potion of agility
 j - a potion of cure mutation
 l - a potion of cancellation
 w - a potion of might
 z - 2 potions of flight
 A - 2 potions of magic
 B - 4 potions of restore abilities
 F - a potion of porridge
 S - a potion of haste
 U - a potion of lignification
 V - a potion of invisibility
Comestibles
 c - 11 bread rations
 i - 8 meat rations
 s - 2 poisonous chunks of flesh
 v - 2 slices of pizza
 N - 4 fruits


   Skills:
 - Level 6.0 Fighting
 * Level 10.6 Long Blades
 + Level 6.6 Dodging
 + Level 1.9 Stealth
 * Level 10.7 Invocations
 + Level 6.9 Evocations


You had 10 spell levels left.
You didn't know any spells.

Dungeon Overview and Level Annotations

Branches:
Dungeon (12/15)            Temple (0/1) D:7            Lair (2/8) D:9
    Orc (0/4) D:9

Altars:
Cheibriados
Dithmenos
Gozag
Kikubaaqudgha
Nemelex Xobeh
Okawaru
Qazlal
Sif Muna
Vehumet
Xom
Yredelemnul
The Shining One

Annotations:
D:1 Terence
Abyss:1 Erolcha


Innate Abilities, Weirdness & Mutations

You can breathe blasts of scalding steam.
Your pale cyan-grey scales are hard (AC +7).
Your body does not fit into most forms of armour.
Your cold-blooded metabolism reacts poorly to cold.
You have supernaturally acute eyesight.
Your flesh is cold resistant.
Your system is resistant to poisons.


Message History

The spriggan rider hits you but does no damage.
The quokka barely misses you.
The spriggan rider hits you from afar with a spear!!
The spriggan rider hits you from afar with a spear!
The quokka misses you.
The spriggan rider completely misses you.
The spriggan rider hits you from afar with a spear!
* * * LOW HITPOINT WARNING * * *
Read which item? (? for menu, Esc to quit)
As you read the scroll of teleportation, it crumbles to dust.
You feel strangely unstable. The quokka barely misses you.
The spriggan rider hits you from afar with a spear!
* * * LOW HITPOINT WARNING * * *
The hippogriff misses you. The hippogriff completely misses you.
The hippogriff completely misses you. The quokka misses you.
Drink which item? (? for menu, Esc to quit)
You fade into invisibility!
The spriggan rider hits you from afar with a spear!
You die...

........## #....#
#......... ........#
#....## #.........
........# #.....#
#......... ........#
#....## #........
........# #....##
#....... ........#
#.....# #...... .........
##....## ... ..r.....#
#.....## . ..r ##.@..P#
... #.rH.P# #....
##...i####...P.
##.#...t.###.......
..................... .
..........t.......P.P8P.
......................P..
..................%..P.%
##.#...........♣.....8.


You could see a spriggan rider, a hippogriff, 2 crocodiles and a quokka.

Vanquished Creatures
  A manticore (D:12)
  An elephant (D:9)
  Joseph (Lair:1)
  2 spiny frogs (Lair:1)
  A troll (D:10)
  A basilisk (Lair:1)
  A spriggan (D:7)
  A yak (D:9)
  2 hungry ghosts
  4 wolves (Lair:2)
  3 hippogriffs
  A sky beast (D:9)
  3 water moccasins
  2 necrophages
  2 phantoms
  2 orc warriors
  An ice beast (D:9)
  5 ogres
  2 black bears
  A crocodile (Lair:1)
  4 centaurs
  8 giant frogs
  3 big kobolds
  A gnoll sergeant (D:12)
  2 scorpions
  11 killer bees
  4 goliath beetles
  5 crimson imps
  5 wights (D:10)
  A giant frog zombie (D:9)
  5 jellies
  Crazy Yiuf (D:7)
  2 quasits
  A centaur skeleton (D:9)
  6 hounds
  8 worker ants
  9 orc wizards
  A killer bee zombie (D:10)
  9 iguanas
  2 sheep (D:9)
  Ijyb (D:6)
  A mummy (D:7)
  2 orc zombies
  16 adders
  11 gnolls
  2 giant mites
  2 orc skeletons
  2 shadow imps
  2 worms
  3 adder skeletons
  38 orcs
  9 bats
  13 giant cockroaches
  12 goblins
  19 hobgoblins
  3 jackals (D:6)
  An ooze (D:2)
  7 quokkas
  2 ball pythons (D:3)
  4 giant geckos
  4 giant newts
  2 giant newt skeletons
  A giant spore (D:6)
  A hobgoblin zombie (D:8)
  A jackal skeleton (D:7)
  A jackal zombie (D:6)
  23 kobolds
  10 rats
  A rat zombie (D:8)
319 creatures vanquished.

Vanquished Creatures (others)
  An ogre (D:4)
  A hobgoblin (D:4)
2 creatures vanquished.

Grand Total: 321 creatures vanquished

Notes
Turn   | Place    | Note
--------------------------------------------------------------
     0 | Abyss:1  | Fusha, the Draconian Abyssal Knight, began the quest for the Orb.
     0 | Abyss:1  | Reached XP level 1. HP: 19/19 MP: 1/1
   102 | Abyss:1  | Noticed a worldbinder
   102 | D:1      | Escaped the Abyss
   570 | D:1      | Acquired Lugonu's first power
   658 | D:1      | Reached XP level 2. HP: 24/26 MP: 2/2
   897 | D:2      | Noticed Terence
  1442 | D:2      | Reached XP level 3. HP: 23/33 MP: 4/4
  1899 | D:2      | Found a stormy altar of Qazlal.
  1932 | D:2      | Reached skill level 4 in Fighting
  2143 | D:2      | Reached XP level 4. HP: 38/40 MP: 5/5
  2193 | D:3      | Acquired Lugonu's second power
  2213 | D:3      | Found a sparkling altar of Nemelex Xobeh.
  3116 | D:4      | Noticed an ogre
  3255 | D:4      | Found a radiant altar of Vehumet.
  3261 | D:4      | Reached XP level 5. HP: 47/47 MP: 7/7
  3474 | D:4      | Acquired Lugonu's third power
  3655 | D:4      | Noticed a phantom
  3675 | D:3      | Killed a phantom
  3675 | D:3      | Reached skill level 5 in Fighting
  3675 | D:3      | Reached XP level 6. HP: 47/56 MP: 9/9
  3802 | D:4      | Killed an ogre
  4167 | D:5      | Entered Level 5 of the Dungeon
  4563 | D:5      | Gained mutation: You are robust (+10% HP). [potion of mutation]
  4563 | D:5      | Gained mutation: You are weak. (Str -2) [potion of mutation]
  4564 | D:5      | Lost mutation: You are weak. (Str -2) [potion of cure mutation]
  4564 | D:5      | Lost mutation: You are robust (+10% HP). [potion of cure mutation]
  4969 | D:5      | Reached skill level 6 in Fighting
  4969 | D:5      | Your scales start fading to a pale cyan-grey colour.
  4969 | D:5      | Reached XP level 7. HP: 63/63 MP: 12/12
  4998 | D:6      | Found an iron altar of Okawaru.
  5026 | D:6      | Acquired Lugonu's fourth power
  5126 | D:6      | Reached skill level 5 in Long Blades
  5595 | D:6      | Found a deep blue altar of Sif Muna.
  5658 | D:6      | Reached skill level 5 in Invocations
  5921 | D:6      | Reached XP level 8. HP: 54/70 MP: 15/15
  6079 | D:6      | Noticed Ijyb
  6097 | D:6      | Killed Ijyb
  6467 | D:7      | Found a staircase to the Ecumenical Temple.
  6666 | D:7      | Found a glowing golden altar of the Shining One.
  6818 | D:7      | Found a shadowy altar of Dithmenos.
  7245 | D:7      | Reached skill level 1 in Evocations
  7305 | D:7      | Noticed Crazy Yiuf
  7312 | D:7      | Killed Crazy Yiuf
  7509 | D:7      | Acquired Lugonu's fifth power
  7509 | D:7      | Reached skill level 7 in Long Blades
  7773 | D:8      | Reached XP level 9. HP: 70/75 MP: 19/19
  8094 | D:8      | Found a snail-covered altar of Cheibriados.
  8145 | D:8      | Reached skill level 5 in Dodging
  8507 | D:8      | Reached skill level 8 in Long Blades
  8551 | D:8      | Got a smoking pewter ring
  8553 | D:8      | Identified the ring of the Traitor {Wiz +Rage rPois rN+ Dex-5} (You found it on level 8 of the Dungeon)
  8696 | D:8      | Found an opulent altar of Gozag.
  8696 | D:8      | Found a basalt altar of Yredelemnul.
  8696 | D:8      | Found an ancient bone altar of Kikubaaqudgha.
  9234 | D:9      | Found a staircase to the Orcish Mines.
  9464 | D:9      | Found a sparkling altar of Nemelex Xobeh.
  9688 | D:9      | Noticed Erolcha
  9726 | D:9      | Banished Erolcha
  9726 | D:9      | Reached skill level 5 in Evocations
  9726 | D:9      | Reached XP level 10. HP: 38/83 MP: 17/22
  9938 | D:9      | Found a shimmering altar of Xom.
 10030 | D:9      | Found a stormy altar of Qazlal.
 10160 | D:9      | Noticed an elephant
 10160 | D:9      | Found a staircase to the Lair.
 10182 | D:9      | Reached skill level 9 in Long Blades
 10206 | D:9      | Killed an elephant
 10672 | D:10     | Entered Level 10 of the Dungeon
 11241 | D:10     | You fall through a shaft for 2 floors!
 11720 | D:12     | Noticed a manticore
 11746 | D:12     | Killed a manticore
 11982 | D:12     | Reached skill level 10 in Invocations
 12004 | D:12     | Reached skill level 10 in Long Blades
 12839 | D:10     | Gained mutation: You have supernaturally acute eyesight. [potion of mutation]
 12839 | D:10     | Gained mutation: Your system is resistant to poisons. [potion of mutation]
 12839 | D:10     | Gained mutation: Your flesh is cold resistant. [potion of mutation]
 13000 | Lair:1   | Entered Level 1 of the Lair of Beasts
 13000 | Lair:1   | Noticed Joseph
 13013 | Lair:1   | Killed Joseph
 13103 | Lair:1   | Reached XP level 11. HP: 89/89 MP: 23/25
 13213 | Lair:1   | Identified a scroll of acquirement
 13214 | Lair:1   | Got a heavily runed cloak
 13225 | Lair:1   | Identified the -5 cloak of Sted {rN+ SInv} (You acquired it on level 1 of the Lair of Beasts)
 13392 | Lair:1   | Reached skill level 1 in Stealth
 13611 | Lair:1   | You fall through a shaft!
 13690 | Lair:1   | Noticed a spriggan rider
 13711 | Lair:1   | Slain by a spriggan rider

Action                   |  1- 3 |  4- 6 |  7- 9 | 10-12 || total
-------------------------+-------+-------+-------+-------++-------
Melee: Falchion          |   149 |   234 |   547 |   352 ||  1282
       Great sword       |       |       |       |    88 ||    88
Throw: Javelin           |     5 |     2 |    10 |       ||    17
       Stone             |       |       |     1 |       ||     1
Invok: Depart the Abyss  |     1 |       |       |       ||     1
       Banish            |       |       |     1 |     1 ||     2
 Abil: Breathe Steam     |       |       |     6 |    12 ||    18
       Evoke Berserk Rag |       |       |     1 |       ||     1
Evoke: Wand              |       |       |       |     3 ||     3
  Use: Potion            |     1 |     3 |     1 |     7 ||    12
       Scroll            |       |     7 |     3 |    18 ||    28
 Stab: Sleeping          |     1 |     1 |       |       ||     2
       Paralysed         |       |       |       |     2 ||     2
       Distracted        |       |       |       |     1 ||     1
  Eat: Chunk             |     4 |    10 |    12 |    11 ||    37
       Pizza             |       |       |     3 |     3 ||     6
       Royal jelly       |       |       |     1 |       ||     1
